Map: Dragon Scales LE

Players

Gerald - Winner!

  • Race: Protoss Protoss
  • Spawn Location: 5:00

Fjant

  • Race: Zerg Zerg
  • Spawn Location: 11:00

Event: ESL SC2 Masters 2023 Summer (Finals)

VOD

Have the link to the VOD?

Description

Time

  • Played on: June 16, 2023, 1:01 p.m.
  • Length: 16:11

All games in this series

Show
View Real Time Build Order
Export as new Build Order

Gerald Protoss - Winner!

Build Orders: 1 Gate Expand, Double Forge, Oracle Opening 

Get SALT Encoding   

  12  0:00  Probe  
  13  0:12  Probe  
  14  0:20  Pylon  
  14  0:24  Probe  
  15  0:38  Probe (Chrono Boost)  
  15  0:42  Gateway  
  16  0:48  Probe (Chrono Boost)  
  17  0:51  Assimilator  
  17  0:53  Probe (Chrono Boost)  
  18  1:05  Probe  
  19  1:17  Probe  
  20  1:26  Nexus  
  20  1:29  Probe  
  21  1:39  Cybernetics Core  
  21  1:42  Probe  
  22  1:47  Assimilator  
  22  1:54  Probe  
  22  1:55  Pylon  
  23  2:13  Probe, Adept (Chrono Boost)  
  26  2:22  Stargate  
  26  2:26  Probe  
  27  2:33  Adept (Chrono Boost)  
  29  2:37  Warp Gate  
  29  2:38  Probe  
  29  2:41  Probe  
  31  2:48  Gateway  
  31  2:50  Probe  
  32  2:53  Probe  
  33  2:58  Adept  
  33  3:02  Probe  
  36  3:09  Oracle (Chrono Boost)  
  36  3:10  Probe  
  40  3:14  Probe  
  40  3:19  Pylon  
  41  3:22  Probe  
  41  3:27  Probe  
  43  3:35  Probe  
  43  3:37  Oracle (Chrono Boost)  
  43  3:39  Probe  
  48  3:42  Pylon  
  48  3:47  Probe  
  49  3:51  Probe  
  50  3:56  Nexus  
  50  3:59  Probe  
  51  4:03  Probe  
  52  4:11  Probe  
  52  4:15  Phoenix, Probe, Assimilator  
  52  4:16  Assimilator  
  56  4:23  Probe  
  57  4:29  Probe  
  56  4:32  Forge  
  56  4:33  Forge  
  56  4:34  Adept x2  
  56  4:37  Shield Battery  
  58  4:41  Probe x2  
  60  4:46  Gateway  
  60  4:57  Adept  
  62  5:01  Adept  
  62  5:04  Probe x2  
  62  5:08  Protoss Ground Armor Level 1 (Chrono Boost), Protoss Ground Weapons Level 1 (Chrono Boost)  
  62  5:14  Probe (Chrono Boost)  
  62  5:16  Probe (Chrono Boost)  
  62  5:17  Probe (Chrono Boost)  
  65  5:23  Adept x2  
  65  5:26  Probe (Chrono Boost)  
  72  5:29  Probe x2 (Chrono Boost)  
  72  5:34  Gateway  
  72  5:35  Probe x2 (Chrono Boost), Gateway  
  74  5:44  Probe  
  74  5:46  Gateway  
  74  5:47  Gateway  
  74  5:49  Probe  
  76  5:51  Probe  
  76  5:55  Assimilator  
  77  5:57  Twilight Council  
  77  5:58  Assimilator  
  77  6:03  Pylon  
  77  6:04  Pylon  
  77  6:09  Pylon  
  77  6:14  Pylon  
  77  6:21  Probe x3  
  77  6:24  Phoenix  
  82  6:28  Gateway  
  82  6:33  Probe x3  
  82  6:38  Templar Archives  
  85  6:45  Probe x3  
  85  6:46  Blink (Chrono Boost)  
  88  6:48  Protoss Ground Armor Level 2 (Chrono Boost)  
  86  6:57  Probe x3, Stalker  
  86  6:58  Stalker x6  
  97  7:07  Protoss Ground Weapons Level 2 (Chrono Boost)  
  101  7:10  Probe  
  101  7:13  Void Ray (Chrono Boost)  
  101  7:14  Pylon  
  102  7:19  Nexus  
  102  7:26  Stalker x3  
  108  7:36  Psionic Storm, Pylon  
  108  7:42  Stalker  
  110  7:46  Photon Cannon  
  110  7:50  Stalker  
  116  7:53  Void Ray (Chrono Boost)  
  116  7:56  Stalker  
  118  8:02  Stalker x2  
  118  8:03  Stalker x3  
  113  8:09  Sentry  
  103  8:16  Probe, Zealot  
  103  8:19  Probe  
  99  8:21  Zealot  
  99  8:22  Probe  
  103  8:27  High Templar  
  103  8:28  Probe  
  103  8:30  Void Ray  
  103  8:31  Probe  
  103  8:34  Probe, High Templar  
  104  8:37  Charge (Chrono Boost)  
  104  8:40  Probe  
  108  8:41  Probe  
  108  8:42  Stalker  
  108  8:43  Probe  
  108  8:46  Probe, Shield Battery  
  112  8:52  Probe  
  112  8:53  Probe  
  112  8:55  Probe, Stalker x2  
  118  8:56  Stalker  
  118  8:58  Probe  
  118  8:59  Stalker  
  123  9:04  Probe  
  120  9:10  Stalker x2  
  120  9:11  Stalker  
  121  9:18  Zealot  
  118  9:30  Stalker x4  
  117  9:36  Probe  
  108  9:40  Zealot x3  
  108  9:43  Void Ray  
  114  9:46  Probe  
  114  9:49  Probe x2  
  114  9:50  Probe  
  116  9:54  Stalker x4  
  116  9:58  Probe  
  125  10:05  Gateway  
  125  10:06  High Templar x2  
  129  10:07  High Templar, Gateway  
  131  10:18  Zealot x4  
  138  10:22  Probe  
  138  10:26  Protoss Ground Weapons Level 3  
  138  10:27  Probe  
  139  10:35  Probe  
  139  10:40  Stalker  
  139  10:41  Stalker x4  
  137  10:54  Stalker x2  
  136  11:02  Stalker x2  
  137  11:07  Pylon  
  137  11:09  Pylon  
  135  11:24  Nexus  
  132  11:28  Stalker x5  
  132  11:31  Void Ray  
  116  11:41  Stalker x3  
  116  11:42  Stalker  
  100  11:55  Stalker x4  
  100  11:58  Probe  
  106  12:05  High Templar x2  
  110  12:09  Zealot x2  
  110  12:10  Zealot  
  116  12:15  Probe  
  116  12:16  Probe  
  116  12:18  Zealot  
  120  12:40  Stalker x7  
  134  12:54  Stalker x2  
  134  12:56  Probe  
  137  12:58  Probe  
  137  12:59  Photon Cannon, Shield Battery  
  137  13:01  Assimilator  
  138  13:06  Probe  
  138  13:07  Probe, Robotics Facility  
  138  13:09  Shield Battery  
  140  13:13  Protoss Ground Armor Level 3 (Chrono Boost)  
  140  13:20  Zealot x6  
  140  13:23  Probe  
  153  13:30  Assimilator  
  153  13:31  Stalker  
  155  13:34  Assimilator  
  155  13:45  Pylon  
  155  13:46  Pylon  
  155  13:54  Oracle (Chrono Boost)  
  154  13:55  Immortal (Chrono Boost)  
  154  14:01  Archon  
  147  14:03  Zealot x8  
  157  14:18  Stalker  
  157  14:20  Probe  
  157  14:22  Probe  
  153  14:35  Zealot x7  
  127  14:55  Robotics Bay  
  127  14:57  Assimilator  
  127  14:59  High Templar x8  
  141  15:04  Archon  
  141  15:05  Archon  
  141  15:06  Archon  
  139  15:07  Archon  
  139  15:08  Immortal (Chrono Boost)  
  139  15:28  Stalker  
  139  15:32  Zealot x6  
  140  15:38  Zealot  
  134  15:54  Stalker x2  
  138  16:01  Stalker x4  
  138  16:02  Stalker  
Show
View Real Time Build Order
Export as new Build Order

Fjant Zerg 

Build Orders: Hatch First 

Get SALT Encoding   

  12  0:01  Drone  
  13  0:13  Overlord  
  13  0:19  Drone  
  14  0:32  Drone x2  
  16  0:45  Drone  
  17  0:54  Hatchery  
  16  0:58  Drone  
  16  1:00  Drone  
  18  1:14  Extractor  
  18  1:15  Spawning Pool  
  18  1:17  Drone  
  17  1:20  Drone  
  18  1:31  Drone  
  19  1:41  Drone  
  20  1:50  Overlord  
  20  2:03  Zergling x2  
  20  2:05  Queen  
  23  2:08  Queen  
  23  2:11  Zergling x2  
  23  2:15  Metabolic Boost  
  26  2:17  Drone x2  
  28  2:23  Drone  
  28  2:29  Drone  
  30  2:40  Hatchery  
  29  2:44  Drone  
  29  2:49  Queen  
  29  2:50  Zergling x2  
  33  2:53  Overlord  
  33  2:59  Zergling x2  
  33  3:07  Spore Crawler  
  33  3:14  Drone  
  33  3:15  Drone  
  33  3:17  Drone  
  33  3:19  Queen  
  38  3:20  Overlord  
  38  3:23  Drone x2  
  40  3:27  Overlord  
  40  3:32  Overlord  
  40  3:37  Queen  
  42  3:46  Zergling x6  
  45  3:48  Drone  
  45  3:49  Drone  
  45  3:55  Queen  
  49  4:04  Drone x2  
  49  4:08  Spore Crawler  
  49  4:10  Drone x5  
  49  4:15  Drone x3  
  58  4:21  Evolution Chamber  
  56  4:31  Drone x6  
  63  4:34  Spore Crawler  
  62  4:38  Lair  
  62  4:42  Drone x2  
  64  4:47  Roach Warren  
  62  4:56  Zergling x4  
  62  4:57  Zergling x2  
  64  5:00  Drone x6  
  64  5:01  Drone  
  64  5:05  Overlord  
  69  5:10  Overlord x2  
  69  5:12  Overlord  
  67  5:22  Overlord  
  67  5:25  Drone x5  
  71  5:29  Evolution Chamber  
  68  5:43  Hatchery, Drone  
  68  5:44  Zergling x6  
  68  5:48  Zergling x6  
  68  5:49  Glial Reconstitution  
  73  5:51  Drone x4  
  73  5:54  Spore Crawler  
  73  5:55  Drone  
  73  5:56  Drone  
  78  6:01  Zerg Missile Weapons Level 1  
  78  6:02  Drone  
  79  6:04  Extractor x2  
  79  6:05  Extractor  
  79  6:10  Drone x5  
  81  6:27  Roach x3  
  81  6:28  Overlord  
  81  6:32  Overlord  
  87  6:33  Extractor  
  87  6:35  Overlord  
  87  6:36  Zergling x10  
  90  6:45  Roach x5  
  97  6:54  Roach x2  
  97  6:56  Drone  
  97  6:58  Roach  
  99  7:02  Roach x5  
  99  7:06  Roach  
  111  7:11  Roach x2  
  111  7:12  Zergling x6  
  118  7:17  Roach  
  118  7:18  Roach  
  118  7:22  Roach x2  
  126  7:27  Overlord  
  126  7:29  Overlord  
  126  7:32  Overlord  
  126  7:38  Overlord  
  126  7:40  Overlord  
  126  7:41  Roach  
  126  7:42  Roach  
  127  7:44  Overlord  
  127  7:45  Overlord  
  127  7:46  Overlord  
  127  7:48  Overlord  
  127  7:49  Roach x4  
  132  8:01  Roach x7  
  132  8:04  Roach x2  
  144  8:06  Roach  
  144  8:07  Roach  
  144  8:09  Zergling x4  
  137  8:15  Roach  
  137  8:16  Roach  
  137  8:17  Roach  
  130  8:20  Roach  
  130  8:21  Roach  
  130  8:25  Roach  
  122  8:27  Roach  
  122  8:33  Roach  
  122  8:34  Roach  
  118  8:35  Roach  
  118  8:38  Ravager x4  
  118  8:39  Roach  
  126  8:44  Roach x2  
  126  8:46  Roach  
  126  8:48  Roach  
  134  8:49  Ravager  
  134  8:52  Roach  
  134  8:54  Roach x3  
  143  8:57  Roach  
  143  9:01  Roach  
  152  9:10  Roach x4  
  152  9:16  Roach  
  152  9:17  Roach  
  153  9:24  Roach x2  
  153  9:30  Roach x8  
  153  9:33  Roach x2  
  153  9:35  Roach  
  153  9:36  Roach x2  
  139  9:40  Roach x2  
  139  9:43  Roach  
  139  9:44  Overlord  
  129  9:46  Roach  
  129  9:49  Roach  
  118  9:53  Roach x2  
  118  9:56  Roach  
  118  9:57  Roach x2  
  118  9:58  Roach  
  128  10:04  Roach x2  
  132  10:07  Roach x2  
  132  10:10  Roach  
  132  10:11  Roach  
  132  10:13  Roach  
  142  10:15  Roach  
  142  10:21  Roach x3  
  150  10:25  Roach x2  
  154  10:31  Roach x3  
  156  10:39  Roach x4  
  156  10:45  Roach x4  
  160  10:50  Roach x2  
  160  10:56  Roach x2  
  166  10:57  Roach  
  166  11:02  Ravager  
  166  11:03  Ravager x2  
  171  11:05  Ravager  
  171  11:06  Roach  
  171  11:07  Zergling x2  
  171  11:08  Zergling x10  
  179  11:12  Roach  
  179  11:18  Zergling x4  
  155  11:21  Roach x2  
  157  11:27  Roach x2  
  157  11:32  Roach x2  
  151  11:37  Roach  
  151  11:38  Roach  
  132  11:41  Roach  
  132  11:42  Roach  
  132  11:46  Roach  
  122  11:48  Roach  
  122  11:50  Queen x2  
  122  11:52  Roach x2  
  121  11:59  Roach  
  108  12:01  Roach x2  
  108  12:03  Queen, Zerg Missile Weapons Level 2  
  108  12:05  Roach  
  108  12:08  Roach  
  108  12:10  Roach  
  108  12:15  Ravager x3  
  117  12:16  Roach x2  
  117  12:19  Roach  
  117  12:21  Roach  
  125  12:24  Roach x2  
  127  12:31  Roach  
  127  12:35  Hatchery  
  127  12:36  Roach x2  
  132  12:39  Queen  
  134  12:45  Roach  
  134  12:46  Roach  
  132  12:55  Roach  
  132  12:56  Roach x2  
  137  13:02  Ravager x3  
  140  13:06  Zergling x6  
  143  13:15  Roach  
  143  13:16  Roach  
  143  13:18  Roach x2  
  146  13:25  Roach  
  148  13:27  Ravager x2  
  148  13:28  Roach x2  
  154  13:34  Roach  
  154  13:38  Roach  
  154  13:40  Roach  
  152  13:44  Roach  
  152  13:48  Roach  
  156  13:49  Roach x2  
  152  13:57  Roach x3  
  152  14:02  Roach x4  
  161  14:08  Roach  
  161  14:09  Roach x3  
  167  14:13  Roach x2  
  150  14:25  Roach x4  
  150  14:31  Roach x2  
  159  14:35  Roach  
  148  14:40  Roach x2  
  127  14:51  Zergling x4  
  127  14:52  Zergling x16  
  120  14:56  Roach  
  121  15:06  Roach x2  
  119  15:08  Zergling x2  
  119  15:09  Ravager  
  121  15:19  Roach x2  
  125  15:22  Zergling x2  
  126  15:29  Roach x2  
  126  15:33  Roach  
  127  15:41  Roach x2  
  97  15:44  Roach  
  97  15:52  Roach x2  
Tags
 
Add a new tag
Caveats
  • Supply blocks, unpowered buildings, or Contaminate may cause inaccurate times.
  • Supply counts are checked every 10 seconds.